 Dungeon Crawl Stone Soup version 0.25.0-26-g0c896c7088 (console) character file.

Game seed: 18375187791722059616

5 Colgate the Grasshopper (level 1, 14/14 HPs)
             Began as a Halfling Warper on July 5, 2020.
             Got out of the dungeon alive.
             The game lasted 00:04:24 (266 turns).

Colgate the Grasshopper (Halfling Warper)            Turns: 266, Time: 00:04:25

Health: 14/14      AC:  3    Str: 12    XL:     1   Next: 88%
Magic:  3/3        EV: 14    Int: 11    God:
Gold:   5          SH:  0    Dex: 13    Spells: 3/3 levels left

rFire    . . .     SeeInvis .   a - +0 short sword
rCold    . . .     Gourm    .   (shield restricted)
rNeg     . . .     Faith    .   b - +0 leather armour
rPois    .         Spirit   .   (no helmet)
rElec    .         Reflect  .   (no cloak)
rCorr    .         Harm     .   (no gloves)
MR       .....                  (no boots)
Stlth    +.........             (no amulet)
HPRegen  0.04/turn              (no ring)
MPRegen  0.08/turn              (no ring)

@: no status effects
A: small, mutation resistance 1
a: no special abilities


You escaped.
You were not hungry.

You visited 1 branch of the dungeon, and saw 1 of its levels.

You collected 5 gold pieces.

Inventory:

Hand Weapons
 a - a +0 short sword (weapon)
Missiles
 e - 4 boomerangs of dispersal (quivered)
Armour
 b - a +0 leather armour (worn)
 i - a +0 ring mail
Scrolls
 c - a scroll of remove curse {unknown}
 d - a scroll of blinking
 h - a scroll of enchant armour {unknown}
Comestibles
 f - 2 rations
 g - 2 chunks of flesh


   Skills:
 - Level 1.7 Fighting
 + Level 2.4 Short Blades
 - Level 1.0 Throwing
 - Level 2.0 Armour
 - Level 2.1 Dodging
 - Level 1.5 Spellcasting
   Level 3.2 Translocations


You had 3 spell levels left.
You didn't know any spells.
Your spell library contained the following spells:

 Spells                   Type           Power        Failure   Level  Hunger
 Blink                    Tloc           N/A          16%         2    ###....
 Shroud of Golubria       Chrm/Tloc      #.....       30%         2    ###....
 Gell's Gravitas          Tloc           #.........   30%         3    ####...
 Lesser Beckoning         Tloc           #.........   30%         3    ####...
 Teleport Other           Tloc           #.......     30%         3    ####...
 Passage of Golubria      Tloc           N/A          69%         4    #####..


Dungeon Overview and Level Annotations

Branches:
Dungeon (1/15)

Altars:


Innate Abilities, Weirdness & Mutations

You are small and have problems with some larger weapons.
You are somewhat resistant to further mutation.


Message History

Moving in this stuff is going to be slow.
You enter the shallow water.
Moving in this stuff is going to be slow.
f - 2 rations (gained 1)
Found a robe and a ring mail.
A leopard gecko comes into view.
Found 19 stones and 10 gold pieces.
You see here a ring mail.
i - a ring mail Throwing (i - inventory)
e - 5 boomerangs of dispersal (quivered)
Press: ? - help, Shift-Dir - straight line, f - leopard gecko
Aim: a leopard gecko You throw a boomerang of dispersal.
The boomerang of dispersal hits the leopard gecko.
The leopard gecko blinks!
You enter the shallow water.
Moving in this stuff is going to be slow.
There is a staircase leading out of the dungeon here.
Are you sure you want to leave the Dungeon?
This will make you lose the game!
You have escaped!

###.........PP≈#
####.....###.##≈PP#
.÷.#.#...# #.##P≈≈#
##...#.### #≈PP##.#
.....#.# #P≈P##.#
.#...#.#####≈≈P...#
....##...≈P≈#####.#
#...##.##≈PP# #.#
.....#.##P≈P# ###.#
....##P≈P##.# #...#
.#..##≈≈P##.###.@.#
.....#≈P≈.........#
....###############
....# #...# ....##
#.....# .....#
##.......
##...###.........
.................
...#.............
...#............#
#.###.#....[...#


There were no monsters in sight!

Vanquished Creatures
  2 goblins (D:1)
  2 hobgoblins (D:1)
4 creatures vanquished.

Notes
Turn   | Place    | Note
-------+----------+-------------------------------------------
     0 | D:1      | Colgate the Halfling Warper began the quest for the Orb.
     0 | D:1      | Reached XP level 1. HP: 14/14 MP: 3/3
   266 | D:$      | Got out of the dungeon alive.

Illustrated notes

Levels and vault maps discovered:
D:1:      psy_arrival_conway, layout_loops_corners, hangedman_decor_lopped

Skill      XL: |  1 |
---------------+----+-----
Armour         | 2 |  2.0
Fighting       | |  1.7
Short Blades   | |  2.4
Throwing       | |  1.0
Dodging        | |  2.1
Spellcasting   | |  1.5
Translocations | |  3.2

Action                   || total
-------------------------++-------
Melee: Short sword       ||    13
Throw: Boomerang         ||     1
Dodge: Dodged            ||     6
